 Dungeon Crawl Stone Soup version 0.30-a0-629-gd54f4be4f7 (webtiles) character file.

Game seed: 3050660436997195718

158 IdlyInterested the Chopper (level 5, -6/38 HPs)
             Began as a Demonspawn Gladiator on Jan 12, 2023.
             Mangled by a gnoll
             ... wielding a +0 halberd
              (10 damage)
             ... on level 3 of the Dungeon.
             The game lasted 00:05:20 (2179 turns).

IdlyInterested the Chopper (Demonspawn Gladiator)   Turns: 2179, Time: 00:05:21

Health: -6/38      AC:  6    Str: 16    XL:     5   Next: 16%
Magic:  5/5        EV: 12    Int:  9    God:
Gold:   99         SH:  4    Dex: 15    Spells: 4/4 levels left

rFire   . . .      SeeInvis .    a - +1 war axe
rCold   . . .      Faith    .    (no shield)
rNeg    + . .      Spirit   .    p - +0 leather armour "Sicicw" {rN+}
rPois   .          Reflect  .    c - +1 helmet
rElec   .          Harm     .    t - +0 cloak
rCorr   .          Rampage  .    (no gloves)
Will    .....                    (no boots)
Stlth   +                        (no amulet)
HPRegen 0.26/turn                (no ring)
MPRegen 0.09/turn                (no ring)

@: invisible, very slow
A: hooves 1, large bone plates 1, demonic guardian 1, powered by pain 1
a: no special abilities


You were on level 3 of the Dungeon.
You visited 1 branch of the dungeon, and saw 3 of its levels.

You collected 99 gold pieces.

Inventory:

Hand Weapons
 a - a +1 war axe (weapon)
 m - a +0 short sword
Missiles
 d - 3 throwing nets
 e - 3 javelins
 g - 10 atropa-tipped darts
 i - 4 boomerangs
 k - 8 stones (quivered)
Armour
 c - a +1 helmet (worn)
 p - the +0 leather armour "Sicicw" (worn) {rN+}
   (You found it on level 2 of the Dungeon)

   rN:        It protects you from negative energy.
 t - a +0 cloak (worn)
Magical Staves
 j - a staff of air
Wands
 o - a wand of roots (3)
 s - a wand of polymorph (12)
Scrolls
 q - 2 scrolls of immolation
 r - a scroll of blinking {unknown}
 u - a scroll of teleportation {unknown}
Potions
 b - a potion of haste
 f - a potion of berserk rage
 l - a potion of brilliance
 n - 2 potions of curing


   Skills:
 - Level 2.0 Fighting
 + Level 4.7 Axes
 - Level 1.7 Throwing
 - Level 2.0 Armour
 - Level 2.6 Dodging
 * Level 0.9 Stealth


You had 4 spell levels left.
You didn't know any spells.
Your spell library contained the following spells:

 Spells                   Type           Power      Damage    Failure   Level
 Freeze                   Ice            0%         1d3       45%         1
 Slow                     Hex            0%         N/A       45%         1
 Confusing Touch          Hex            0%         N/A       83%         3
 Dazzling Flash           Conj/Hex       0%         N/A       83%         3
 Frozen Ramparts          Ice            0%         1d1       83%         3
 Hailstorm                Conj/Ice       0%         3d3       83%         3
 Portal Projectile        Hex/Tloc       0%         N/A       83%         3
 Tukima's Dance           Hex            0%         N/A       83%         3
 Vampiric Draining        Necr           0%         2d6       83%         3
 Iskenderun's Mystic Bla  Conj/Tloc      0%         2d3       99%         4
 Blade Hands              Tmut           0%         N/A       100%        5
 Starburst                Conj/Fire      0%         6d3       100%        6


Dungeon Overview and Level Annotations

Branches:
Dungeon (3/15)

Altars:


Innate Abilities, Weirdness & Mutations

You have large cloven feet.
You are partially covered in large bone plates. (SH +4)
A weak demonic guardian rushes to your aid.
You sometimes gain a little power by taking damage.


Message History

You hear a splash.
Your shadow imp barely misses the gnoll.
The gnoll hits you from afar with a +0 spear.
You enter the shallow water.
Moving in this stuff is going to be slow.
The gnoll hits you but does no damage. The gnoll closely misses you.
Items here: )) ††.
Your unstable footing causes you to fumble your attack.
The gnoll barely misses you. The gnoll hits you with a +0 spear.
You hit the gnoll but do no damage. You kick the gnoll, but do no damage.
You closely miss the gnoll.
Your shadow imp gestures at the gnoll.
The gnoll barely resists.
The gnoll splashes around in the water.
The gnoll barely misses you.
Your shadow imp gestures at the gnoll.
The gnoll writhes in agony!
Your unstable footing causes you to fumble your attack.
The gnoll misses you. The gnoll hits you with a +0 spear.
The gnoll hits you from afar with a +0 halberd!
Your shadow imp closely misses the gnoll.
You barely miss the gnoll.
The gnoll is almost dead.
You hit the gnoll. The gnoll barely misses you.
The gnoll splashes around in the water.
The gnoll hits you from afar with a +0 halberd!
* * * LOW HITPOINT WARNING * * *
Your shadow imp hits the gnoll.
The gnoll dies!
You hear a splash.
The gnoll hits you with a +0 spear.
* * * LOW HITPOINT WARNING * * *
It was a potion of invisibility.
You fade into invisibility!
The gnoll splashes around in the water.
The gnoll closely misses you.
You slash the gnoll!
You kill the gnoll!
You hear a splash.
The gnoll barely misses you.
Your shadow imp hits the gnoll.
The gnoll hits you from afar with a +0 halberd!
You die...

#.#~~~~≈≈≈≈≈≈P~~P~#..#####.......
...♣~~~≈≈≈≈≈≈≈~~♣~[..# #.......
###~♣PP≈≈≈≈≈≈≈≈~~♣##.# #.......
#♣♣~P~≈≈≈≈≈≈~~~P##.# ####...#
♣~≈≈≈≈≈≈≈~~~~~##.# #...#
~P~≈≈≈≈≈≈≈~P♣♣##.########...#
♣~~≈≈≈≈≈≈~P~~♣##.......)...##
~~~≈≈≈≈≈~~~5♣)##############
~~♣~≈≈≈~~g)@...# ~~≈~~~~♣♣♣##.#
~~P~~~~ ... P~~P♣~~ ### ~~P~P~~
~♣~~~ P~~


You could see a gnoll (ally target) and a friendly shadow imp (summoned).

Vanquished Creatures
  Jessica (D:2)
  Natasha (thrice) (D:2)
  A gnoll (D:3)
  An adder (D:2)
  2 worms (D:3)
  An orc (D:3)
  2 endoplasms (D:1)
  3 goblins
  3 hobgoblins
  3 quokkas
  4 ball pythons (D:1)
  4 bats (D:1)
  A frilled lizard (D:2)
  4 kobolds
  4 rats
37 creatures vanquished.

Vanquished Creatures (collateral kills)
  A gnoll (D:3)
1 creature vanquished.

Vanquished Creatures (others)
  2 plants (D:3)
2 creatures vanquished.

Grand Total: 40 creatures vanquished

Notes
Turn   | Place    | Note
-------+----------+-------------------------------------------
     0 | D:1      | IdlyInterested the Demonspawn Gladiator began the quest for
                  | the Orb.
     0 | D:1      | Reached XP level 1. HP: 16/16 MP: 1/1
   237 | D:1      | Reached skill level 3 in Axes
   309 | D:1      | Gained mutation: A weak demonic guardian rushes to your
                  | aid. [demonic ancestry]
   309 | D:1      | Reached XP level 2. HP: 22/22 MP: 2/2
   473 | D:1      | Reached skill level 1 in Armour
   883 | D:2      | Noticed Jessica
   888 | D:2      | Killed Jessica
   889 | D:2      | Gained mutation: You have large cloven feet. [demonic
                  | ancestry]
   889 | D:2      | Reached XP level 3. HP: 27/27 MP: 3/3
  1092 | D:2      | Found a faded altar of an unknown god.
  1096 | D:2      | Identified the +0 leather armour "Sicicw" {rN+}
  1204 | D:2      | Noticed Natasha
  1213 | D:2      | Killed Natasha
  1214 | D:2      | Reached skill level 4 in Axes
  1214 | D:2      | Gained mutation: You are partially covered in large bone
                  | plates. (SH +4) [demonic ancestry]
  1214 | D:2      | Reached XP level 4. HP: 25/33 MP: 4/4
  1319 | D:2      | Noticed Natasha
  1325 | D:2      | Killed Natasha
  1386 | D:2      | Noticed Natasha
  1395 | D:2      | Killed Natasha
  2098 | D:3      | Gained mutation: You sometimes gain a little power by
                  | taking damage. [demonic ancestry]
  2098 | D:3      | Reached XP level 5. HP: 38/38 MP: 5/5
  2179 | D:3      | Mangled by a gnoll

Illustrated notes

Levels and vault maps discovered:
D:1:      roderic_crop_circles_arrival_small, layout_basic
D:2:      layout_loops_ring, hellmonk_ecumenical_altar_blasted, uniq_jessica,
          uniq_natasha
D:3:      layout_loops_ring, serial_bayou_lake_a

Skill      XL: |  1  2  3  4 |
---------------+-------------+-----
Axes           | 3 4 |  4.7
Armour         | 1 2 |  2.0
Fighting       | |  2.0
Throwing       | |  1.7
Dodging        | |  2.6
Stealth        | |  0.9

Action                   |  1- 3 |  4- 6 || total
-------------------------+-------+-------++-------
Melee: War axe           |    70 |    38 ||   108
       Kick              |     5 |     8 ||    13
  Use: Scroll            |     3 |     3 ||     6
       Potion            |       |     2 ||     2
 Stab: Sleeping          |     2 |       ||     2
Armor: Leather armour    |    18 |     7 ||    25
Dodge: Dodged            |    59 |    20 ||    79
Block: Other             |       |     3 ||     3

Table legend: (Time is in decaauts)
 A = Elapsed time spent in this place.
 B = Non-inter-level travel time spent in this place.
 C = Inter-level travel time spent in this place.
 D = Time resting spent in this place.
 E = Time spent auto-exploring this place.
 F = Levels seen in this place.
 G = Mean time per level.
                   A        B        C        D        E       F      G
               +--------+--------+--------+--------+--------+-----+--------+
         Total |   2259 |   1914 |    345 |    134 |   1250 |   3 |  753.0 |
       Dungeon |   2259 |   1914 |    345 |    134 |   1250 |   3 |  753.0 |
               +--------+--------+--------+--------+--------+-----+--------+

Top non-repeatable levels by time:
     D:1: 1080 daAuts
     D:2: 842 daAuts
     D:3: 336 daAuts
